 Seeded DCSS version 0.31-a0-365-gcf821cafb2 (webtiles) character file.

Game seed: 6000 (custom seed)

75 rocky1 the Digger (level 3, -3/26 HPs)
             Began as a Demigod Earth Elementalist on July 28, 2023.
             Slain by Sigmund
             ... wielding a +2 scythe of protection
              (5 damage)
             ... on level 2 of the Dungeon.
             The game lasted 00:02:24 (1344 turns).

rocky1 the Digger (Demigod Earth Elementalist)      Turns: 1344, Time: 00:02:25

Health: -3/26      AC:  2    Str:  9    XL:     3   Next: 88%
Magic:  4/8        EV: 12    Int: 21    God:
Gold:   17         SH:  0    Dex: 14    Spells: 4/5 levels left

rFire   + . .        e - staff of fire
rCold   . . .        (no shield)
rNeg    . . .        a - +0 robe
rPois   .            (no helmet)
rElec   .            (no cloak)
rCorr   .            (no gloves)
SInv    .            (no boots)
Will    .....        (no amulet)
Stlth   ++           d - ring of flight
HPRegen 0.24/turn    (no ring)
MPRegen 0.11/turn

%: no passive effects
@: flying
A: high MP 1, forlorn, divine attributes
a: no special abilities


You were on level 2 of the Dungeon.
You visited 1 branch of the dungeon, and saw 2 of its levels.

You collected 17 gold pieces.

Inventory:

Armour
 a - a +0 robe (worn)
Magical Staves
 e - a staff of fire (weapon)
Jewellery
 d - a ring of flight (left hand)
Scrolls
 c - a scroll of identify {unknown}
 f - a scroll of teleportation {unknown}
Potions
 b - a potion of magic
 g - a potion of haste {unknown}
 h - a potion of curing {unknown}
 i - a potion of brilliance {unknown}


   Skills:
 - Level 1.7 Dodging
 - Level 1.7 Stealth
 - Level 1.7 Spellcasting
 - Level 0.8 Transmutations
 + Level 4.5 Earth Magic


You had 4 spell levels left.
You knew the following spells:

 Your Spells              Type           Power      Damage    Failure   Level
a - Sandblast             Erth           40%        2d10      2%          1

Your spell library contained the following spells:

 Spells                   Type           Power      Damage    Failure   Level
 Passwall                 Tmut/Erth      10%        N/A       8%          2
 Stone Arrow              Conj/Erth      22%        3d8       19%         3
 Volatile Blastmotes      Fire/Tloc      4%         2d10      41%         3
 Petrify                  Tmut/Erth      13%        N/A       45%         4
 Fulminant Prism          Conj/Hex       0%         3d5       83%         4
 Iskenderun's Mystic Bla  Conj/Tloc      1%         2d3       83%         4
 Fireball                 Conj/Fire      1%         3d3       99%         5
 Ignition                 Fire           1%         3d3       100%        8


Dungeon Overview and Level Annotations

Branches:
Dungeon (2/15)

Annotations:
D:2 Sigmund


Innate Abilities, Weirdness & Mutations

You have an increased reservoir of magic. (+10% MP)
You shall have no god before yourself.
Your divine heritage dramatically boosts your attributes as you level up.


Message History

You start resting.
HP restored.
You start resting.
Magic restored.
You start waiting.
Done waiting.
f - a scroll labelled JYQUIX TOACUSO You now have 17 gold pieces (gained 5).
g - a bubbling golden potion
h - a blue potion
i - a murky golden potion
Found a stone staircase leading down.
Found a robe.
Sigmund the Dreaded comes into view.
He is wielding a +2 scythe of protection.
Sigmund is nearby!
Sigmund is nearby!
Sigmund shouts!
Aiming: Sandblast (safe; 2% risk of failure)
Press: ? - help, Q - select action Shift-Dir - straight line, f - Sigmund
Aim: Sigmund, wielding a +2 scythe of protection and wearing a +0 robe (81% to hit)
The blast of sand hits Sigmund but does no damage.
Aiming: Sandblast (safe; 2% risk of failure)
Press: ? - help, Q - select action Shift-Dir - straight line, f/p - Sigmund
Aim: Sigmund, wielding a +2 scythe of protection and wearing a +0 robe (81% to hit)
The blast of sand hits Sigmund but does no damage.
Sigmund hits you from afar with a +2 scythe of protection!
Ouch! That really hurt!
Aiming: Sandblast (safe; 2% risk of failure)
Press: ? - help, Q - select action Shift-Dir - straight line, f/p - Sigmund
Aim: Sigmund, wielding a +2 scythe of protection and wearing a +0 robe (81% to hit)
The blast of sand hits Sigmund but does no damage.
Sigmund hits you from afar with a +2 scythe of protection!
* * * LOW HITPOINT WARNING * * *
Aiming: Sandblast (safe; 2% risk of failure)
Press: ? - help, Q - select action Shift-Dir - straight line, f/p - Sigmund
Aim: Sigmund, wielding a +2 scythe of protection and wearing a +0 robe (81% to hit)
The blast of sand hits Sigmund!
Sigmund is moderately wounded.
Sigmund hits you from afar with a +2 scythe of protection.
You die...

#...............#....
#...####........#....
#.....#..............
#.....#.######.......
#.....#.######.......
##+#......[..+...#+#.
#.#.#...#####...#.#
#...............#.#
###@#...#.....#.#.#
......>..#+##...÷.#+#.#
.#...@#..#............##
#....####...........†..
#... ...........).###
#.#+ #..............#
... #.............## ##
#.....)........#
................


You could see Sigmund.

Vanquished Creatures
  Terence (D:2)
  2 adders (D:2)
  2 dart slugs (D:1)
  2 giant cockroaches (D:1)
  5 goblins
  2 hobgoblins (D:1)
  3 jackals (D:1)
  A quokka (D:1)
  2 ball pythons (D:2)
  5 bats
  3 kobolds (D:1)
28 creatures vanquished.

Notes
Turn   | Place    | Note
-------+----------+-------------------------------------------
     0 | D:1      | rocky1 the Demigod Earth Elementalist began the quest for
                  | the Orb.
     0 | D:1      | Reached XP level 1. HP: 14/14 MP: 5/5
    97 | D:1      | Got the Atlas of Ignition
   144 | D:1      | Reached skill level 3 in Earth Magic
   223 | D:1      | Reached XP level 2. HP: 20/20 MP: 4/7
   975 | D:2      | Reached XP level 3. HP: 26/26 MP: 4/8
  1018 | D:2      | Reached skill level 4 in Earth Magic
  1089 | D:2      | Noticed Terence
  1101 | D:2      | Killed Terence
  1338 | D:2      | Noticed Sigmund
  1343 | D:2      | HP: 1/26 [Sigmund/+2 scythe of protection (12)]
  1344 | D:2      | Slain by Sigmund

Illustrated notes

Levels and vault maps discovered:
D:1:      lightli_arrival_maybe_door_vault, layout_basic,
          hellmonk_ecumenical_altar_leap_of_faith
D:2:      layout_basic, minmay_strange_pillars, uniq_terence, uniq_sigmund

Skill      XL: |  1  2  3 |
---------------+----------+-----
Earth Magic    | 3 4 |  4.5
Dodging        | |  1.7
Stealth        | |  1.7
Spellcasting   | |  1.7
Transmutations | |  0.8

Action                     || total
---------------------------++-------
   Cast: Sandblast         ||    47
 Armour: Robe              ||     7
  Dodge: Dodged            ||    20

Table legend: (Time is in decaauts)
 A = Elapsed time spent in this place.
 B = Non-inter-level travel time spent in this place.
 C = Inter-level travel time spent in this place.
 D = Time resting spent in this place.
 E = Time spent auto-exploring this place.
 F = Levels seen in this place.
 G = Mean time per level.
                   A        B        C        D        E       F      G
               +--------+--------+--------+--------+--------+-----+--------+
         Total |   1365 |   1341 |     24 |    161 |    998 |   2 |  682.5 |
       Dungeon |   1365 |   1341 |     24 |    161 |    998 |   2 |  682.5 |
               +--------+--------+--------+--------+--------+-----+--------+

Top non-repeatable levels by time:
     D:1: 930 daAuts
     D:2: 435 daAuts
